 Dungeon Crawl Stone Soup version 0.30-a0-394-g3e4acdb0ae (webtiles) character file.

Game seed: 11276270159501529269

1567 chuckbuck the Caller (level 9, -8/46 HPs)
             Began as a Kobold Summoner on Dec 6, 2022.
             Mangled by a hornet (13 damage)
             ... on level 6 of the Dungeon.
             The game lasted 01:06:09 (8087 turns).

chuckbuck the Caller (Kobold Summoner)              Turns: 8087, Time: 01:06:11

Health: -8/46      AC:  4    Str: 13    XL:     9   Next: 13%
Magic:  17/20      EV: 15    Int: 18    God:
Gold:   148        SH:  0    Dex: 16    Spells: 15/22 levels left

rFire   + . .      SeeInvis .    s - +3 quarterstaff (chaos)
rCold   x . .      Faith    .    (shield currently unavailable)
rNeg    . . .      Spirit   .    u - +1 robe of the Arcane {Rampage rF+ rC-}
rPois   .          Reflect  .    (no helmet)
rElec   +          Harm     .    t - +0 cloak
rCorr   .          Rampage  +    (no gloves)
Will    .....                    (no boots)
Stlth   ++++......               n - amulet of the acrobat
HPRegen 0.27/turn                E - +6 ring of strength
MPRegen 0.17/turn                (no ring)

@: lethally poisoned (-8 -> -12)
A: small, no large weapons, nightstalker 3, talons 1, electricity resistance
a: no special abilities


You were on level 6 of the Dungeon.
You visited 1 branch of the dungeon, and saw 6 of its levels.

You collected 325 gold pieces.
You spent 177 gold pieces at shops.

Inventory:

Hand Weapons
 g - a +0 dagger
 h - a +0 whip
 i - a +0 dagger
 s - a +3 quarterstaff of chaos (weapon)
Missiles
 e - 3 silver boomerangs
 w - 8 large rocks
 x - 10 stones
Armour
 a - a +1 robe
 c - a +0 barding
 t - a +0 cloak (worn)
 u - the +1 robe of the Arcane (worn) {Rampage rF+ rC-}
   (You bought it in a shop on level 4 of the Dungeon)

   rF:        It protects you from fire.
   rC:        It makes you vulnerable to cold.
   Rampage:   It bestows one free step when moving towards enemies.
Jewellery
 n - an amulet of the acrobat (around neck)
 y - a +4 ring of evasion
 E - a +6 ring of strength (left hand)
Wands
 p - a wand of roots (3)
 r - a wand of acid (8)
Scrolls
 f - a scroll of fog
 j - 2 scrolls of brand weapon
 k - 2 scrolls of teleportation
 l - a scroll of poison
 m - 2 scrolls of identify
 o - a scroll of immolation
 D - a scroll of summoning
Potions
 b - 3 potions of magic
 d - a potion of brilliance
 q - a potion of cancellation
 v - 2 potions of might {unknown}
 A - a potion of curing
 B - a potion of ambrosia {unknown}
 F - a potion of invisibility


   Skills:
 + Level 0.4 Fighting
 + Level 4.0 Short Blades
 + Level 1.4 Staves
 + Level 3.1 Dodging
 * Level 4.7 Stealth
 + Level 7.3 Spellcasting
 + Level 7.5 Summonings
 * Level 1.1 Ice Magic


You had 15 spell levels left.
You knew the following spells:

 Your Spells              Type           Power      Damage    Failure   Level
a - Summon Small Mammal   Summ           100%       N/A       1%          1
b - Call Imp              Summ           33%        N/A       1%          2
c - Call Canine Familiar  Summ           33%        N/A       1%          3
d - Freeze                Ice            40%        1d6       7%          1

Your spell library contained the following spells:

 Spells                   Type           Power      Damage    Failure   Level
 Summon Guardian Golem    Hex/Summ       20%        N/A       7%          3
 Sandblast                Erth           12%        2d6       11%         1
 Passwall                 Tmut/Erth      5%         N/A       16%         2
 Frozen Ramparts          Ice            20%        1d4       21%         3
 Summon Lightning Spire   Summ/Air       20%        N/A       22%         4
 Hailstorm                Conj/Ice       8%         3d4       26%         3
 Kindle Blastsparks       Fire/Tloc/Air  12%        2d11      30%         3
 Stone Arrow              Conj/Erth      12%        3d7       30%         3
 Fulminant Prism          Conj/Hex       3%         3d5       71%         4
 Iskenderun's Mystic Bla  Conj/Tloc      6%         2d4       71%         4
 Lee's Rapid Deconstruct  Erth           3%         3d5*      96%         5


Dungeon Overview and Level Annotations

Branches:
Dungeon (6/15)
 Temple: D:4-7

Altars:
Ru
Trog
Vehumet

Shops:
D:1 (   D:4 [?


Innate Abilities, Weirdness & Mutations

You are small and have problems with some larger weapons.
You are completely attuned to the shadows.
You have sharp toenails.
You are resistant to electric shocks. (rElec)


Message History

A hornet comes into view.
Casting: Freeze (safe; 7% risk of failure)
Confirm with . or Enter, or press ? or * to list all spells.
You miscast Call Canine Familiar.
You are very lightly contaminated with residual magic.
Nothing appears to happen.
Your bat hits the hornet but does no damage.
The hornet completely misses your bat.
Casting: Call Canine Familiar (safe; 1% risk of failure)
Confirm with . or Enter, or press ? or * to list all spells.
Your bat disappears in a puff of smoke!
Your bat hits the hornet but does no damage.
Your crimson imp blinks!
You hit the hornet. Your kick misses the hornet.
The hornet is lightly wounded.
You are no longer corroded.
Your bat misses the hornet. The hornet stings you.
You are poisoned.
You feel yourself slow down. The hornet completely misses you.
You barely miss the hornet. You claw the hornet.
The hornet is lightly wounded.
You feel very sick.
Your bat misses the hornet.
Your bat barely misses the hornet. x2
The hornet completely misses you. The hornet stings you.
You suddenly lose the ability to move!
Your magical contamination has completely faded away.
You can move again.
You miss the hornet. Your kick misses the hornet.
The hornet is lightly wounded.
You feel yourself speed up.
You feel very sick.
Your crimson imp is no longer covered in acid.
Your bat hits the hornet but does no damage.
Your bat closely misses the hornet.
The hornet stings you!
* * * LOW HITPOINT WARNING * * *
You shrug off the repeated paralysis!
Something hits your crimson imp. The hornet closely misses you.
An orc comes into view. It is wielding a +0 mace.
Your bat barely misses the hornet.
The hornet stings you!
You die...

##### ##...## #.....#
#.....## .. ###.5..####
..# ###..#..#
...####@.....# ####
.....#.yb....# ###..##
.............# ##....#.
....).5..#.######.......
.....o......###..<......
...§...#......<.........
....#.########<.###.....
......## ##..##...#.
....)..# #...†......


You could see a hornet (ally target), an orc (distracted), a friendly crimson
imp (summoned) and a friendly bat (summoned).

Vanquished Creatures
  A necrophage (D:5)
  A jelly (D:4)
  An orc priest (D:6)
  A gnoll (D:4)
  3 adders
  A dart slug (D:4)
  An orc (D:4)
  2 endoplasms
  A giant cockroach (D:1)
  A goblin (D:1)
  2 hobgoblins (D:1)
  A jackal (D:4)
  A bat (D:2)
  A kobold (D:2)
18 creatures vanquished.

Vanquished Creatures (collateral kills)
  The ghost of paps the Caller, an amateur OpSu (D:4)
  Sigmund (D:4)
  Eustachio (D:4)
  A sky beast (D:5)
  2 phantoms
  Blork the orc (D:4)
  A necrophage (D:5)
  A howler monkey (D:6)
  2 jellies (D:6)
  An orc priest (D:4)
  3 hounds
  Crazy Yiuf (D:2)
  Jessica (D:3)
  2 iguanas (D:5)
  Terence (D:2)
  Natasha (thrice) (D:3)
  4 adders
  2 gnolls (D:4)
  A shadow imp (D:5)
  An ufetubus (D:5)
  3 dart slugs
  6 orcs
  5 bats (D:2)
  An endoplasm (D:4)
  2 giant cockroaches
  9 goblins
  8 hobgoblins
  7 jackals
  2 quokkas
  6 ball pythons
  4 frilled lizards
  A kobold (D:4)
  6 rats
91 creatures vanquished.

Grand Total: 109 creatures vanquished

Notes
Turn   | Place    | Note
-------+----------+-------------------------------------------
     0 | D:1      | chuckbuck the Kobold Summoner began the quest for the Orb.
     0 | D:1      | Reached XP level 1. HP: 10/10 MP: 3/3
   315 | D:1      | Reached XP level 2. HP: 15/15 MP: 0/5
   562 | D:1      | Reached XP level 3. HP: 19/19 MP: 5/7
   794 | D:1      | Found Yqihyf's Weapon Shop.
  1551 | D:2      | Found a bloodstained altar of Trog.
  1616 | D:2      | Learned a level 2 spell: Call Imp
  1620 | D:2      | Learned a level 3 spell: Call Canine Familiar
  1926 | D:2      | Reached XP level 4. HP: 24/24 MP: 7/9
  2062 | D:2      | Noticed Terence
  2084 | D:2      | Killed Terence
  2201 | D:2      | Found a runed translucent door.
  2204 | D:2      | Noticed Crazy Yiuf
  2383 | D:2      | Killed Crazy Yiuf
  2384 | D:2      | Reached XP level 5. HP: 14/28 MP: 1/10
  2846 | D:2      | Gained mutation: You have sharp toenails. [potion of
                  | mutation]
  2846 | D:2      | Gained mutation: You are resistant to electric shocks.
                  | (rElec) [potion of mutation]
  3395 | D:3      | Noticed Jessica
  3398 | D:3      | Killed Jessica
  3428 | D:3      | Noticed Natasha
  3439 | D:3      | Killed Natasha
  3440 | D:3      | Reached skill level 5 in Summonings
  3686 | D:3      | Noticed Natasha
  3696 | D:3      | Killed Natasha
  3697 | D:3      | Reached XP level 6. HP: 32/32 MP: 7/12
  3767 | D:3      | Noticed Natasha
  3784 | D:3      | Killed Natasha
  3902 | D:3      | Found a faded altar of an unknown god.
  4514 | D:4      | HP: 1/32 [orc priest/divine providence (13)]
  4814 | D:4      | Noticed Sigmund
  4844 | D:4      | Reached skill level 5 in Spellcasting
  4892 | D:4      | Reached skill level 1 in Short Blades
  4989 | D:4      | Killed Sigmund
  4990 | D:4      | Reached XP level 7. HP: 30/36 MP: 2/15
  5145 | D:4      | Found Apualieni's Armour Shop.
  5151 | D:4      | Bought the +1 robe of the Arcane {Rampage rF+ rC-} for 177
                  | gold pieces
  5216 | D:4      | Found Soti's Magic Scroll Emporium.
  5331 | D:4      | Noticed Eustachio
  5357 | D:4      | Killed Eustachio
  5561 | D:4      | Reached skill level 1 in Staves
  5575 | D:4      | Reached XP level 8. HP: 41/41 MP: 17/17
  5659 | D:4      | Noticed Blork the orc
  5662 | D:4      | Learned a level 1 spell: Freeze
  5714 | D:4      | Found a runed translucent gate.
  5715 | D:4      | Found a runed translucent gate.
  5716 | D:4      | Found a runed translucent gate.
  5727 | D:4      | Noticed paps's ghost (amateur OpSu)
  5742 | D:4      | Killed paps's ghost
  5873 | D:4      | Found a radiant altar of Vehumet.
  6008 | D:4      | Found a sacrificial altar of Ru.
  6264 | D:4      | Killed Blork the orc
  6267 | D:5      | Entered Level 5 of the Dungeon
  6493 | D:5      | Identified the +1 leather armour of Xiomp {Slay+2}
  7643 | D:6      | Reached XP level 9. HP: 46/46 MP: 9/19
  8066 | D:6      | Reached skill level 1 in Ice Magic
  8080 | D:6      | Noticed a hornet
  8086 | D:6      | Paralysed by a hornet for 1 turns
  8087 | D:6      | Mangled by a hornet

Illustrated notes

Levels and vault maps discovered:
D:1:      dpeg_arrival_connections, layout_loops_ring, serial_shops, shop
D:2:      layout_loops_ring, basic_altar, nrook_uturn, uniq_crazy_yiuf_cottage,
          uniq_terence
D:3:      layout_rooms, serial_rivers, chequers_serial_rivers_micro_b,
          chequers_serial_rivers_micro_c, chequers_serial_rivers_marsh,
          chequers_serial_rivers_small_3, chequers_serial_rivers_small_a,
          shapermc_ecumenical_altar_mp_vishouse, uniq_natasha, uniq_jessica
D:4:      layout_basic, mainiacjoe_overflow_big_doors,
          ebering_ghost_rock_garden, serial_shops, nicolae_shop_crystal,
          nicolae_diamond_shop, uniq_sigmund, uniq_blork_the_orc, uniq_eustachio
D:5:      layout_cave_pools, chequers_serial_rivers_room_b,
          chequers_serial_rivers_room_a
D:6:      layout_cave_pools, mainiacjoe_overflow_alcove_2, serial_shops,
          nicolae_shop_overgrown_old_shop

Skill      XL: |  1  2  3  4  5  6  7  8  9 |
---------------+----------------------------+-----
Spellcasting   | 3 4 5 6 7 |  7.3
Summonings     | 5 6 7 |  7.5
Stealth        | 3 4 |  4.7
Short Blades   | 2 3 4 |  4.0
Staves         | 1 |  1.4
Dodging        | 3 |  3.1
Ice Magic      | 1 |  1.1
Fighting       | |  0.4

Action                   |  1- 3 |  4- 6 |  7- 9 || total
-------------------------+-------+-------+-------++-------
Melee: Unarmed           |     1 |       |       ||     1
       Dagger            |    20 |     6 |       ||    26
       Punch             |     1 |       |       ||     1
       Quarterstaff      |       |     9 |    26 ||    35
       Kick              |       |     3 |     4 ||     7
 Cast: Summon Small Mamm |    69 |    64 |    69 ||   202
       Call Imp          |     3 |    30 |    21 ||    54
       Call Canine Famil |     1 |    18 |    17 ||    36
       Freeze            |       |       |     1 ||     1
  Use: Potion            |       |     8 |       ||     8
       Scroll            |       |     4 |    10 ||    14
 Stab: Sleeping          |       |     1 |       ||     1
       Distracted        |       |       |     1 ||     1
Armor: Robe              |     5 |     3 |     8 ||    16
Dodge: Dodged            |    29 |    15 |    40 ||    84

Table legend: (Time is in decaauts)
 A = Elapsed time spent in this place.
 B = Non-inter-level travel time spent in this place.
 C = Inter-level travel time spent in this place.
 D = Time resting spent in this place.
 E = Time spent auto-exploring this place.
 F = Levels seen in this place.
 G = Mean time per level.
                   A        B        C        D        E       F      G
               +--------+--------+--------+--------+--------+-----+--------+
         Total |   8114 |   7659 |    455 |   1030 |   4971 |   6 | 1352.3 |
       Dungeon |   8114 |   7659 |    455 |   1030 |   4971 |   6 | 1352.3 |
               +--------+--------+--------+--------+--------+-----+--------+

Top non-repeatable levels by time:
     D:4: 2180 daAuts
     D:2: 1827 daAuts
     D:5: 1368 daAuts
     D:1: 1283 daAuts
     D:3: 1000 daAuts
     D:6: 454 daAuts
